 Dungeon Crawl Stone Soup version 0.31-a0-154-g56bf346678 (webtiles) character file.

Game seed: 9431669269327574642

1 ProbSom1Imp the Firebug (level 1, 0/14 HPs)
             Began as a Demigod Fire Elementalist on June 11, 2023.
             Constricted to death by a ball python (1 damage)
             ... on level 1 of the Dungeon.
             The game lasted 00:03:22 (138 turns).

ProbSom1Imp the Firebug (Demigod Fire Elementalist)  Turns: 138, Time: 00:03:28

Health: 0/14       AC:  2    Str:  9    XL:     1   Next: 13%
Magic:  5/5        EV:  9    Int: 17    God:
Gold:   0          SH:  0    Dex: 14    Spells: 2/3 levels left

rFire   . . .        (no weapon)
rCold   . . .        (no shield)
rNeg    . . .        a - +0 robe
rPois   .            (no helmet)
rElec   .            (no cloak)
rCorr   .            (no gloves)
SInv    .            (no boots)
Will    .....        (no amulet)
Stlth   ++           (no ring)
HPRegen 0.22/turn    (no ring)
MPRegen 0.09/turn

%: no passive effects
@: constricted
A: high MP 1, forlorn, divine attributes
a: no special abilities


You were on level 1 of the Dungeon.
You visited 1 branch of the dungeon, and saw 1 of its levels.

Inventory:

Armour
 a - a +0 robe (worn)
Potions
 b - a potion of magic
 c - a potion of enlightenment {unknown}


   Skills:
 + Level 1.7 Dodging
 + Level 1.7 Stealth
 + Level 1.8 Spellcasting
 + Level 0.8 Conjurations
 + Level 2.7 Fire Magic


You had 2 spell levels left.
You knew the following spells:

 Your Spells              Type           Power      Damage    Failure   Level
a - Foxfire               Conj/Fire      28%        2x1d5     10%         1

Your spell library contained the following spells:

 Spells                   Type           Power      Damage    Failure   Level
 Scorch                   Fire           20%        2d6       10%         2
 Inner Flame              Hex/Fire       6%         N/A       34%         3
 Volatile Blastmotes      Fire/Tloc      12%        2d11      34%         3
 Flame Wave               Conj/Fire      7%         2d5       67%         4


Dungeon Overview and Level Annotations

Branches:
Dungeon (1/15)


Innate Abilities, Weirdness & Mutations

You have an increased reservoir of magic. (+10% MP)
You shall have no god before yourself.
Your divine heritage dramatically boosts your attributes as you level up.


Message History

The hobgoblin hits you.
You closely miss the hobgoblin. The rat closely misses you.
The hobgoblin barely misses you.
You barely miss the hobgoblin. You punch the hobgoblin.
The hobgoblin is moderately wounded.
The rat bites you but does no damage. The hobgoblin hits you.
The rat attacks as you move away! The rat barely misses you.
The hobgoblin closely misses you. The rat attacks as you move away!
The rat misses you. The hobgoblin misses you. The rat attacks as you move away!
The rat completely misses you.
Found a red potion.
You see here 10 gold pieces.
You completely miss the hobgoblin.
The hobgoblin is moderately wounded.
The rat bites you but does no damage. The hobgoblin closely misses you.
You hit the hobgoblin.
The hobgoblin is severely wounded.
The rat closely misses you. The hobgoblin completely misses you.
The rat attacks as you move away! The rat barely misses you.
The rat attacks as you move away! The rat bites you but does no damage.
The rat attacks as you move away! The rat misses you.
A ball python comes into view.
Found a scroll labelled TICUMIUPLU.
The rat attacks as you move away! The rat bites you.
You see here a red potion.
You barely miss the rat. The rat bites you.
* * * LOW HITPOINT WARNING * * *
The rat attacks as you move away! The rat barely misses you.
The ball python hisses angrily.
The hobgoblin attacks as you move away! The hobgoblin closely misses you.
The rat bites you.
* * * LOW HITPOINT WARNING * * *
The rat barely misses you.
You see here a red potion.
c - a red potion The ball python bites you.
* * * LOW HITPOINT WARNING * * *
The ball python grabs you. The ball python constricts you.
You die...

######....†.####.
#.$..#...........
###.#.........#####
#............##
#.#.#:..##.#.#
#.#.##.###.#.#
#.#.##.# #...r
#.#.##.###.....
#.####.@...........##
#......Sr........#.#
######.g.....?.....#
#..........
#..........
............
#####..#..###
#..#...# #..# #..#


You could see a hobgoblin, a ball python and a rat.

Vanquished Creatures
  A frilled lizard (D:1)
  A rat (D:1)
2 creatures vanquished.

Notes
Turn   | Place    | Note
-------+----------+-------------------------------------------
     0 | D:1      | ProbSom1Imp the Demigod Fire Elementalist began the quest
                  | for the Orb.
     0 | D:1      | Reached XP level 1. HP: 14/14 MP: 5/5
   138 | D:1      | Constricted to death by a ball python

Illustrated notes

Levels and vault maps discovered:
D:1:      wheals_arrival_linesprint, layout_loops_ring,
          ebering_ecumenical_altar_webs, kennysheep_nondescript,
          amethyst_killhole, minivault_11

Action                     || total
---------------------------++-------
  Melee: Unarmed           ||    20
         Punch             ||     1
 Armour: Robe              ||     5
  Dodge: Dodged            ||    27

Table legend: (Time is in decaauts)
 A = Elapsed time spent in this place.
 B = Non-inter-level travel time spent in this place.
 C = Inter-level travel time spent in this place.
 D = Time resting spent in this place.
 E = Time spent auto-exploring this place.
 F = Levels seen in this place.
 G = Mean time per level.
                   A        B        C        D        E       F      G
               +--------+--------+--------+--------+--------+-----+--------+
         Total |    138 |     45 |     93 |      0 |      0 |   1 |  138.0 |
       Dungeon |    138 |     45 |     93 |      0 |      0 |   1 |  138.0 |
               +--------+--------+--------+--------+--------+-----+--------+

Top non-repeatable levels by time:
     D:1: 138 daAuts
